 Dungeon Crawl Stone Soup version 0.23.2-40-g277498a001 (webtiles) character file.

Game seed: 4933038592742154212

1458 Hylith the Basher (level 8, -1/48 HPs)
             Began as a Gargoyle Fighter on Aug 13, 2019.
             Was an Initiate of Makhleb.
             Slain by Harold
             ... wielding a +0 war axe
              (14 damage)
             ... on level 7 of the Dungeon.
             The game lasted 00:07:57 (4745 turns).

Hylith the Basher (Gargoyle Fighter)                Turns: 4745, Time: 00:07:58

Health: -1/48      AC: 15    Str: 25    XL:     8   Next: 76%
Magic:  8/8        EV: 10    Int:  9    God:    Makhleb [......]
Gold:   321        SH:  4    Dex:  9    Spells: 7/7 levels left

rFire    . . .     SeeInvis .   a - +1 flail
rCold    . . .     Gourm    .   h - +0 buckler
rNeg     + . .     Faith    .   b - +0 scale mail
rPois    ∞         Spirit   .   (no helmet)
rElec    +         Reflect  .   (no cloak)
rCorr    .         Harm     .   s - +0 pair of gloves {Str+3}
MR       .....                  m - +0 pair of boots
Stlth    ..........             (no amulet)
HPRegen  0.16/turn              (no ring)
MPRegen  0.11/turn              (no ring)

@: no status effects
A: negative energy resistance 1, electricity resistance, unbreathing,
petrification resistance, rot immunity, AC +5
a: Renounce Religion


You were on level 7 of the Dungeon.
You worshipped Makhleb.
Makhleb was noncommittal.
You were not hungry.

You visited 2 branches of the dungeon, and saw 8 of its levels.

You collected 321 gold pieces.

Inventory:

Hand Weapons
 a - a +1 flail (weapon)
Missiles
 i - 3 poisoned javelins (quivered)
 o - 29 stones
Armour
 b - a +0 scale mail (worn)
 c - a +1 shield
 h - a +0 buckler (worn)
 m - a +0 pair of boots (worn)
 s - a +0 pair of gloves of strength (worn)
Jewellery
 g - an uncursed ring of fire
Wands
 u - a wand of paralysis (7)
 v - a wand of polymorph (7)
 w - a wand of acid (9)
Scrolls
 e - 6 scrolls of teleportation
 q - a scroll of blinking
 t - 2 scrolls of magic mapping
 y - 2 scrolls of identify
 B - a scroll of enchant armour
 C - 2 scrolls of remove curse
 D - a scroll of torment {unknown}
 F - a scroll of enchant weapon
Potions
 d - 3 potions of might
 j - 4 potions of brilliance {unknown}
 l - a potion of agility {unknown}
 n - a potion of mutation {unknown}
 p - a potion of invisibility {unknown}
 r - 2 potions of curing {unknown}
 x - a potion of haste
 z - a potion of heal wounds
 E - a potion of cancellation {unknown}
Comestibles
 f - 8 rations
 A - 8 chunks of flesh


   Skills:
 - Level 4.0 Fighting
 * Level 10.1 Maces & Flails
 - Level 4.0 Armour
 - Level 4.0 Shields


You had 7 spell levels left.
You didn't know any spells.
Your spell library was empty.

Dungeon Overview and Level Annotations

Branches:
Dungeon (7/15)             Temple (1/1) D:5

Altars:
Cheibriados
Dithmenos
Elyvilon
Fedhas
Gozag
Kikubaaqudgha
Makhleb
Nemelex Xobeh
Okawaru
Qazlal
Ru
Sif Muna
Trog
Xom
Zin
The Shining One

Annotations:
D:7 Harold


Innate Abilities, Weirdness & Mutations

You are resistant to torment.
Your stone body is resilient. (AC +5)
You are immune to poison.
You resist negative energy. (rN+)
You are resistant to electric shocks. (rElec)
You can survive without breathing.
You are immune to petrification.
You are immune to rotting.


Message History

The net rips apart, and Harold comes free!
You hit Harold.
Harold is lightly wounded.
Harold hits you with a +0 war axe!
You barely miss Harold.
Harold is lightly wounded.
You block Harold's attack.
You bludgeon Harold!!
Harold is moderately wounded.
You hit Harold but do no damage.
Harold is moderately wounded.
Harold hits you with a +0 war axe.
You completely miss Harold.
Harold is moderately wounded.
Harold hits you with a +0 war axe!
* * * LOW HITPOINT WARNING * * *
You hit Harold.
Harold is moderately wounded.
Harold hits you with a +0 war axe!
You die...

..#.... ##.#....
....... ......#
### #.#.#.# ....
#.#.#.# .....
#.##.#.#.##......
#....(.@÷÷..#
#..#.###@#### #
#. #.# #. #.# ..
#.######## @.
#.##.....# Z##
#.##.##..# .
#....##..#
####.....#######
####.##.........


You could see Harold.

Vanquished Creatures
  Eustachio (D:4)
  An ice beast (D:6)
  4 ogres
  A sky beast (D:6)
  A centaur (D:6)
  A bullfrog (D:6)
  2 scorpions
  A crimson imp (D:4)
  A bullfrog zombie (D:5)
  3 hounds
  An orc wizard (D:4)
  2 centaur skeletons (D:4)
  A jelly (D:5)
  Crazy Yiuf (D:3)
  Jessica (D:3)
  An iguana (D:7)
  Ijyb (D:5)
  A hound skeleton (D:6)
  9 adders
  3 gnolls (D:4)
  2 worms (D:2)
  2 dart slugs
  A leopard gecko (D:4)
  6 orcs
  3 ball pythons
  3 giant cockroaches
  3 goblins
  6 hobgoblins
  7 jackals
  A quokka (D:5)
  6 bats
  7 frilled lizards
  9 kobolds
  2 rats
95 creatures vanquished.

Notes
Turn   | Place    | Note
-------+----------+-------------------------------------------
     0 | D:1      | Hylith the Gargoyle Fighter began the quest for the Orb.
     0 | D:1      | Reached XP level 1. HP: 14/14 MP: 1/1
    96 | D:1      | Reached XP level 2. HP: 13/19 MP: 2/2
   932 | D:2      | Reached XP level 3. HP: 23/23 MP: 3/3
   990 | D:2      | Reached skill level 3 in Maces & Flails
  1023 | D:2      | Reached XP level 4. HP: 19/29 MP: 4/4
  1036 | D:2      | Noticed a water elemental
  1038 | D:2      | Found a stormy altar of Qazlal.
  1039 | D:2      | Noticed an air elemental
  1039 | D:2      | Noticed a fire elemental
  1039 | D:2      | Noticed an earth elemental
  1491 | D:3      | Reached XP level 5. HP: 28/33 MP: 5/5
  1524 | D:3      | Found a runed translucent door.
  1541 | D:3      | Noticed Crazy Yiuf
  1549 | D:3      | Killed Crazy Yiuf
  1593 | D:3      | Found a sacrificial altar of Ru.
  1709 | D:3      | Noticed Jessica
  1721 | D:3      | Killed Jessica
  1721 | D:3      | Reached skill level 4 in Maces & Flails
  2325 | D:4      | Noticed Eustachio
  2344 | D:4      | Killed Eustachio
  2344 | D:4      | Reached skill level 5 in Maces & Flails
  2344 | D:4      | Reached XP level 6. HP: 20/38 MP: 6/6
  2688 | D:4      | Reached skill level 6 in Maces & Flails
  2754 | D:4      | Reached XP level 7. HP: 39/43 MP: 7/7
  2929 | D:4      | Reached skill level 7 in Maces & Flails
  3140 | D:5      | Entered Level 5 of the Dungeon
  3362 | D:5      | Found a staircase to the Ecumenical Temple.
  3399 | Temple   | Entered the Ecumenical Temple
  3469 | Temple   | Became a worshipper of Makhleb the Destroyer
  3863 | D:5      | Noticed Ijyb
  3870 | D:5      | Killed Ijyb
  3994 | D:6      | Reached skill level 8 in Maces & Flails
  3999 | D:6      | Reached XP level 8. HP: 42/48 MP: 8/8
  4089 | D:6      | Found a white marble altar of Elyvilon.
  4110 | D:6      | Reached skill level 9 in Maces & Flails
  4293 | D:6      | Found the +7 captain's cutlass {speed, disarm}
  4325 | D:6      | Found a sparkling altar of Nemelex Xobeh.
  4574 | D:6      | Reached skill level 10 in Maces & Flails
  4725 | D:7      | Noticed Harold
  4745 | D:7      | Slain by Harold

Skill      XL: |  1  2  3  4  5  6  7  8 |
---------------+-------------------------+-----
Maces & Flails | 3 5 6 8 10 | 10.1
Shields        | 4 |  4.0
Fighting       | 4 |  4.0
Armour         | 4 |  4.0

Action                   |  1- 3 |  4- 6 |  7- 9 || total
-------------------------+-------+-------+-------++-------
Melee: Flail             |   136 |   232 |   168 ||   536
Throw: Throwing net      |       |       |     1 ||     1
  Use: Scroll            |       |    10 |     2 ||    12
  Eat: Chunk             |     1 |     6 |     3 ||    10
       Ration            |       |       |     1 ||     1
Armor: Scale mail        |   100 |   153 |    87 ||   340
Dodge: Dodged            |    61 |   103 |    65 ||   229
Block: Shield            |   105 |   150 |       ||   255
       Buckler           |       |     5 |    25 ||    30
